AoeStats
← JavierU

Arabia

509929232Analyzed
1v1 RM · 4d ago on Sep 28, 2026· 30m 20s· 2 players
Game mode
Random Map
Map size
Tiny (2 player)
Population
200
Speed
Normal
Resources
Standard
Victory
Conquest
Starting age
Dark Age
Ending age
Imperial Age
RankedLock teamsTeams togetherTeam positionsShared explorationLock speedFull tech treeHidden civsTurbo modeCheats
Victory
Defeat
🇳🇴 Magyars · Norway
1039
+14
🇪🇸 Varangians · Spain
1005
-14
JavierU
4:57 Loom
10:30 Feudal Age
23:12 Castle Age
21:43 Bloodlines
21:21 Horse Collar
21:31 Double-Bit Axe
21:48 Horse Collar
23:01 Fletching
25:10 Bow Saw
27:41 Forging
27:49 Husbandry
Jote
0:33 Loom
7:27 Loom
10:12 Feudal Age
12:01 Double-Bit Axe
12:57 Horse Collar
19:47 Scale Barding Armor
21:00 Bloodlines
21:55 Wheelbarrow
21:30 Gold Mining
26:07 Castle Age
25:31 Fletching
25:42 Padded Archer Armor
25:59 Town Watch
26:16 Stone Mining
26:10 Light Cavalry
26:52 Husbandry
26:59 Bodkin Arrow
27:19 Leather Archer Armor
Connection lost

Rejoining the realm…

Still unreachable

The connection could not be restored.

Session expired

The server has moved on; the page needs a fresh start.